 Dungeon Crawl Stone Soup version 0.24.0-2-g5b39cebb1c (webtiles) character file.

Game seed: 14840046376327474008, levelgen mode: deterministic

518386 DildoBatman the Metallomancer (level 27, -10/190 HPs)
             Began as a Formicid Wizard on Oct 29, 2019.
             Was an Initiate of Gozag.
             Mangled by a freezing wraith (12 damage)
             ... on level 4 of the Vaults on Oct 30, 2019.
             The game lasted 04:42:08 (55390 turns).

DildoBatman the Metallomancer (Formicid Wizard)    Turns: 55390, Time: 04:42:08

Health: -10/190    AC: 16    Str: 16    XL:     27
Magic:  35/44      EV: 20    Int: 27    God:    Gozag
Gold:   25         SH: 19    Dex:  9    Spells: 20/60 levels left

rFire    . . .     SeeInvis +   a - +9 staff of Wucad Mu {channel}
rCold    + + .     Gourm    .   k - +1 large shield
rNeg     . . .     Faith    .   o - +4 troll leather armour
rPois    .         Spirit   .   (helmet unavailable)
rElec    .         Reflect  .   Y - +2 cloak of the Thief {+Fog Slay-2 SInv Stlth+}
rCorr    .         Harm     .   h - +0 pair of gloves
MR       ++...     Clarity  +   p - +0 pair of boots
Stlth    ++++......             m - amulet of magic regeneration
HPRegen  0.81/turn              Z - ring of Phasing {EV+8}
MPRegen  0.54/turn              W - ring "Tynoprun" {Wiz rC+}

@: gold aura, flying, very slightly contaminated, constricted
A: permanent stasis, dig shafts and tunnels, four strong arms, antennae 3,
clarity, cold resistance 1, evolution 1
}: 2/15 runes: decaying, gossamer
a: Dig, Shaft Self, Potion Petition, Call Merchant, Bribe Branch, Renounce
Religion, Evoke Fog


You were on level 4 of the Vaults.
You worshipped Gozag.
Gozag was noncommittal.
You were full.

You visited 10 branches of the dungeon, and saw 44 of its levels.
You also visited: Ossuary, Bailey, Gauntlet, Ice Cave and Volcano.

You collected 19161 gold pieces.
You spent 6820 gold pieces at shops.
You paid 12316 gold pieces to Gozag.

Inventory:

Hand Weapons
 a - the +9 staff of Wucad Mu (weapon) {channel}
   (You found it on level 4 of the Lair of Beasts)
 b - the +8 mithril axe "Arga" {speed, MR+}
   (You took it off a deep elf death mage on level 3 of the Elven Halls)

   Attacks with this weapon are significantly faster.
   It affects your resistance to hostile enchantments.
 c - the +5 hunting sling of Ucymm {speed, *Slow rPois rN++ Str+2}
   (You found it on level 4 of the Dungeon)

   Attacks with this weapon are significantly faster.
   It affects your strength (+2).
   It protects you from poison.
   It greatly protects you from negative energy.
   It may slow you when you take damage.
 w - the +6 demon blade of Foolhardiness {vamp, rElec rF++}
   (You took it off a tengu warrior on level 1 of the Crypt)

   It inflicts no extra harm, but heals its wielder when it wounds a living foe.
   It greatly protects you from fire.
   It insulates you from electricity.
 D - the +6 quarterstaff of the Ghost {holy, rF+}
   (You found it on level 6 of the Lair of Beasts)

   It has been blessed by the Shining One to cause great damage to the undead
   and demons.
   It protects you from fire.
Missiles
 n - 1329 arrows
 E - 4 throwing nets (quivered)
 I - 879 bolts
 P - 194 sling bullets
Armour
 h - a +0 pair of gloves (worn)
 k - a +1 large shield (worn)
 o - a +4 troll leather armour (worn)
 p - a +0 pair of boots (worn)
 Y - the +2 cloak of the Thief (worn) {+Fog Slay-2 SInv Stlth+}
   (You bought it in a shop on level 11 of the Dungeon)

   It affects your accuracy and damage with ranged weapons and melee attacks
   (-2).
   It lets you see invisible.
   It makes you more stealthy.
Jewellery
 g - the brooch of Shielding {Reflect SH+8}
   (You found it in an ice cave)

   [amulet of reflection]

   It shields you and reflects attacks.
   It affects your SH (+8).
 m - an amulet of magic regeneration (around neck)
 Q - a +5 ring of evasion
 W - the ring "Tynoprun" (right hand) {Wiz rC+}
   (You found it on level 2 of the Crypt)

   [ring of wizardry]

   It improves your spell success rate.
   It protects you from cold.
 Z - the ring of Phasing (left hand) {EV+8}
   (You bought it in a shop on level 1 of the Tomb of the Ancients)

   [ring of evasion]

   It affects your evasion (+8).
Wands
 d - a wand of scattershot (16)
 r - a wand of acid (7)
 A - a wand of iceblast (19)
 F - a wand of clouds (10)
Scrolls
 i - 7 scrolls of fear
 x - 19 scrolls of remove curse
 z - 35 scrolls of identify
 C - 7 scrolls of magic mapping
 L - 5 scrolls of immolation
 N - 9 scrolls of fog
Potions
 e - 4 potions of resistance
 j - 12 potions of agility
 l - 4 potions of might
 q - 2 potions of brilliance
 s - 22 potions of curing
 H - a potion of magic
 M - 3 potions of heal wounds
 R - 8 potions of ambrosia
 S - 8 potions of cancellation
Miscellaneous
 f - a phantom mirror
 u - a lamp of fire
 B - 3 boxes of beasts
 G - a fan of gales (inert)
 J - a phial of floods
 O - a lightning rod (4/4)
Comestibles
 v - 12 rations


   Skills:
 - Level 10.0 Fighting
 - Level 10.0 Armour
 - Level 8.0 Dodging
 - Level 6.0 Stealth
 - Level 15.0 Shields
 - Level 17.0 Spellcasting
 - Level 6.1 Conjurations
 - Level 4.0 Charms
   Level 1.0 Summonings
 - Level 19.0 Necromancy
   Level 0.8 Translocations
 - Level 19.0 Transmutations
 - Level 5.2 Fire Magic
   Level 5.1 Air Magic
 * Level 25.2 Earth Magic
 - Level 6.0 Evocations


You had 20 spell levels left.
You knew the following spells:

 Your Spells              Type           Power        Failure   Level  Hunger
a - Borgnjor's Vile Clut  Necr/Erth      #######...   0%          5    None
b - Shatter               Erth           ########..   3%          9    #######
c - Dispel Undead         Necr           #######.     1%          5    None
d - Necromutation         Tmut/Necr      #######...   2%          8    ######.
e - Regeneration          Chrm/Necr      ######....   1%          3    None
f - Bolt of Magma         Conj/Fire/Erth ######....   1%          5    None
g - Conjure Flame         Conj/Fire      ######..     1%          3    None
z - Sublimation of Blood  Necr           #######...   0%          2    None

Your spell library contained the following spells:

 Spells                   Type           Power        Failure   Level  Hunger
 Animate Skeleton         Necr           N/A          0%          1    None
 Beastly Appendage        Tmut           ######       0%          1    None
 Pain                     Necr           ####         0%          1    None
 Passwall                 Tmut/Erth      #######.     0%          2    None
 Sticks to Snakes         Tmut           #######.     0%          2    None
 Vampiric Draining        Necr           #######...   0%          3    None
 Animate Dead             Necr           N/A          0%          4    None
 Petrify                  Tmut/Erth      #######.     0%          4    None
 Lee's Rapid Deconstruct  Erth           ########..   0%          5    None
 Apportation              Tloc           ####..       1%          1    None
 Confusing Touch          Hex            ###...       1%          1    None
 Corona                   Hex            ###....      1%          1    None
 Infusion                 Chrm           ####         1%          1    None
 Magic Dart               Conj           ####         1%          1    None
 Shock                    Conj/Air       ####         1%          1    None
 Summon Butterflies       Summ           ####....     1%          1    None
 Summon Small Mammal      Summ           ####         1%          1    None
 Call Imp                 Summ           ####....     1%          2    None
 Poisonous Vapours        Pois/Air       #####.       1%          2    None
 Searing Ray              Conj           ######       1%          2    None
 Shroud of Golubria       Chrm/Tloc      #####.       1%          2    None
 Slow                     Hex            ###.....     1%          2    None
 Song of Slaying          Chrm           #####...     1%          2    None
 Swiftness                Chrm/Air       #####...     1%          2    None
 Call Canine Familiar     Summ           ####....     1%          3    None
 Dazzling Spray           Conj/Hex       #####.       1%          3    None
 Gell's Gravitas          Tloc           ####......   1%          3    None
 Ignite Poison            Fire/Tmut/Pois ######..     1%          3    None
 Inner Flame              Hex/Fire       #####...     1%          3    None
 Lesser Beckoning         Tloc           ####......   1%          3    None
 Mephitic Cloud           Conj/Pois/Air  #####...     1%          3    None
 Recall                   Summ/Tloc      N/A          1%          3    None
 Spectral Weapon          Hex/Chrm       ####....     1%          3    None
 Spider Form              Tmut/Pois      ######....   1%          3    None
 Static Discharge         Conj/Air       ######..     1%          3    None
 Airstrike                Air            ######....   1%          4    None
 Ice Form                 Ice/Tmut       ######..     1%          4    None
 Iskenderun's Mystic Bla  Conj           ######..     1%          4    None
 Leda's Liquefaction      Hex/Erth       ######....   1%          4    None
 Agony                    Necr           #######.     1%          5    None
 Alistair's Intoxication  Tmut/Pois      ######..     1%          5    None
 Blade Hands              Tmut           #######...   1%          5    None
 Bolt of Draining         Conj/Necr      ######....   1%          5    None
 Excruciating Wounds      Chrm/Necr      ######....   1%          5    None
 Irradiate                Conj/Tmut      ######....   1%          5    None
 Yara's Violent Unravell  Hex/Tmut       ######....   1%          5    None
 Death Channel            Necr           #######...   1%          6    ###....
 Iron Shot                Conj/Erth      #######...   1%          6    ###....
 Confuse                  Hex            ###.....     2%          3    None
 Portal Projectile        Hex/Tloc       ####..       2%          3    None
 Summon Guardian Golem    Hex/Summ       ####....     2%          3    None
 Tukima's Dance           Hex            ###.....     2%          3    None
 Force Lance              Conj/Tloc      #####...     2%          4    None
 Fulminant Prism          Conj/Hex       #####.....   2%          4    None
 Summon Lightning Spire   Summ/Air       #####...     2%          4    None
 Fireball                 Conj/Fire      ######....   2%          5    None
 Lightning Bolt           Conj/Air       ######....   2%          5    None
 Borgnjor's Revivificati  Necr           #######...   2%          8    ######.
 Infestation              Necr           #######...   2%          8    ######.
 Iskenderun's Battlesphe  Conj/Chrm      ######..     3%          5    None
 Simulacrum               Ice/Necr       ######....   3%          6    ###....
 Passage of Golubria      Tloc           N/A          7%          4    None
 Summon Ice Beast         Ice/Summ       ####....     8%          4    None
 Venom Bolt               Conj/Pois      #####.....   8%          5    None
 Cause Fear               Hex            ###.......   10%         4    None
 Silence                  Hex/Air        #####.....   10%         5    None
 Haunt                    Necr/Summ      ######....   13%         7    #####..
 Bolt of Fire             Conj/Fire      ######....   16%         6    ###....
 Summon Demon             Summ           ####......   17%         5    None
 Summon Mana Viper        Hex/Summ       ####....     21%         5    None
 Deflect Missiles         Chrm/Air       #####.....   22%         6    ###....
 Metabolic Englaciation   Hex/Ice        ###.......   26%         5    None
 Freezing Cloud           Conj/Ice/Air   #####.....   32%         6    ###....
 Death's Door             Chrm/Necr      ######....   45%         8    ######.
 Orb of Destruction       Conj           ######....   52%         7    #####..
 Ring of Flames           Chrm/Fire      #####.....   73%         7    #####..
 Darkness                 Hex            ###.......   78%         6    ###....
 Invisibility             Hex            ###.....     78%         6    ###....
 Spellforged Servitor     Conj/Summ      #####.....   86%         7    #####..
 Summon Hydra             Summ           ####......   99%         7    #####..
 Ignition                 Fire           ######....   99%         8    ######.
 Discord                  Hex            ###.......   100%        8    ######.
 Tornado                  Air            ######....   100%        9    #######
 Blink                    Tloc           Unusable     N/A         2    N/A

Dungeon Overview and Level Annotations

Branches:
Dungeon (15/15)            Temple (1/1) D:6            Lair (6/6) D:11
  Swamp (4/4) Lair:4       Spider (4/4) Lair:2        Slime (0/5) Lair:6
    Orc (2/2) D:11            Elf (3/3) Orc:2        Vaults (5/5) D:13
  Crypt (3/3) Vaults:2       Tomb (1/3) Crypt:3      Depths (0/5) D:15
Ossuary (visited)          Bailey (visited)           IceCv (visited)
Volcano (visited)         Gauntlet (visited)

Altars:
Ashenzari
Cheibriados
Dithmenos
Elyvilon
Fedhas
Gozag
Hepliaklqana
Kikubaaqudgha
Makhleb
Nemelex Xobeh
Okawaru
Qazlal
Ru
Sif Muna
Trog
Uskayaw
Vehumet
Wu Jian
Xom
Yredelemnul
Zin
The Shining One
Beogh
Jiyva

Shops:
D:2 *   D:5 (   D:11 [(   Orc:2 :*[%[%%?   Elf:1 :   Tomb:1 :*==:*[*=


Innate Abilities, Weirdness & Mutations

You cannot be hasted, slowed, berserked, paralysed or teleported.
You can dig through walls and to a lower floor.
Your four strong arms can wield two-handed weapons with a shield.
You have a pair of large antennae on your head. (SInv)
You possess an exceptional clarity of mind.
Your flesh is cold resistant. (rC+)
You evolve.


Message History

The tengu reaver closely misses you.
The golden dragon roars deafeningly!
You feel much better.
The storm dragon is no longer distracted by gold.
You block the freezing wraith's attack. The freezing wraith closely misses you.
The shadow dragon becomes distracted by your gold, dreaming of imaginary riches.
The storm dragon bites you!
The storm dragon claws you but does no damage.
The storm dragon misses you.
The tentacled monstrosity becomes distracted by your gold, dreaming of imaginary riches.
The tentacled monstrosity constricts you!
The tentacled monstrosity's grasp on you weakens, but your attempt to escape fails.
The storm dragon becomes distracted by your gold, dreaming of imaginary riches.
You block the tengu reaver's attack. x2
The tengu reaver barely misses you. The freezing wraith misses you.
The freezing wraith hits you!
You die...
Your body crumbles into a pile of gold.

####'####.....).'.....#
#####...# #.......#.....#
#...#.#.# #.......#.....#
#...#...# #.......#.....#
#...#..## #########.....####
#......# ###########.........
#.#....# #.........'.........
#.#.######.DDW.....#.........
#.......##.X@......+.........
#####.#.##.QD......#........)
#....#.##.........##########
#......##.........#
##..#)..############
#...#...# #.#.#...#
########## #...#####
#.#....... #####
##########.......≈.


You could see a shadow dragon, a tentacled monstrosity, a golden dragon, a storm
dragon (unaware), a tengu reaver and a freezing wraith.

Vanquished Creatures
  Mara (Vaults:3)
  Khufu (Crypt:1)
  An ancient lich (Crypt:3)
  28 greater mummies
  Margery (Crypt:1)
  A golden dragon (Vaults:4)
  Xtahua (Crypt:3)
  The ghost of Esecs the Devastator, a veteran GrEE of Lugonu (Crypt:1)
  A bone dragon (Crypt:3)
  4 liches (Crypt:3)
  3 deep elf blademasters
  A tentacled monstrosity (Vaults:4)
  Asterion (Elf:3)
  An acid blob (Lair:6)
  2 deep elf master archers (Elf:3)
  A titan (Crypt:1)
  9 sphinxes
  6 ancient champions
  3 storm dragons (Vaults:4)
  3 thorn hunters
  The ghost of Pileg the Severer, an adept FoFi of Okawaru (Elf:2)
  A fire giant (Crypt:1)
  A frost giant (Vaults:4)
  7 deep elf sorcerers
  9 vault wardens
  Louise (Swamp:2)
  Aizul (Vaults:3)
  A deep elf elementalist (Elf:3)
  3 curse skulls
  3 orc warlords
  9 ghouls
  4 ghost moths (Spider:4)
  3 emperor scorpions
  5 ironheart preservers
  2 very ugly things (Vaults:4)
  4 vampire knights (Crypt:3)
  The ghost of Riymurr the Phalangite, a journeyman MfMo of Hepliaklqana (Lair:5)
  3 stone giants (Vaults:4)
  8 entropy weavers
  2 minotaurs
  4 deep elf demonologists
  10 deep elf annihilators
  3 spark wasps (Spider:4)
  6 eidola
  4 ettins
  Josephine (Orc:1)
  5 fire dragons
  A green death (Gauntlet)
  3 jiangshi
  8 yaktaur captains
  7 deep elf death magi
  9 mummy priests (Tomb:1)
  3 deep elf high priests
  2 great orbs of eyes (Vaults:1)
  A quicksilver dragon skeleton (Crypt:1)
  Fannar (Lair:1)
  2 rakshasas
  34 vault guards
  25 hydras
  4 ice dragons
  5 ghost crabs
  A shambling mangrove (Swamp:3)
  8 centaur warriors
  A naga warrior (Crypt:1)
  9 death knights
  Erica (D:8)
  A catoblepas (Lair:3)
  6 alligators
  8 ogre magi
  21 two-headed ogres
  5 orc high priests
  6 death scarabs (Tomb:1)
  A deep troll shaman (Vaults:4)
  4 tengu warriors
  Urug (Orc:1)
  3 vampire magi
  4 hell knights
  18 slime creatures
  2 soul eaters (Crypt:3)
  4 fire crabs (Lair:4)
  A shadow wraith (Vaults:2)
  22 deep elf knights
  A titan skeleton (Crypt:2)
  38 skeletal warriors
  An unseen horror (shapeshifter) (Vaults:2)
  A quicksilver dragon simulacrum (Crypt:2)
  2 unseen horrors
  8 flayed ghosts
  2 spriggan druids
  4 deep trolls
  2 lindwurms
  9 swamp dragons
  6 wizards
  A deep troll (shapeshifter) (Vaults:5)
  2 glowing orange brains
  8 necromancers
  An obsidian statue (Crypt:3)
  2 anaconda skeletons (Tomb:1)
  11 phantasmal warriors
  28 orc knights
  8 deep elf archers
  Pikel (D:9)
  A stone giant zombie (Tomb:1)
  9 ironbrand convokers
  An iron giant skeleton (Crypt:1)
  3 harpies (Vaults:1)
  17 orb spiders
  41 wolf spiders
  42 ugly things
  A mana viper (shapeshifter) (Vaults:5)
  49 deep elf magi
  7 orc sorcerers
  6 oklob plants
  A moth of wrath (Spider:4)
  A frost giant zombie (Tomb:1)
  2 manticores
  A sphinx skeleton (Crypt:3)
  3 cyclopes
  A dire elephant zombie (Crypt:2)
  A black mamba (shapeshifter) (Vaults:2)
  2 iron dragon skeletons
  A centaur zombie (D:10)
  4 elephants (Lair:5)
  2 black mambas
  A fire giant skeleton (Crypt:1)
  A smoke demon (Volcano)
  An apocalypse crab (Lair:4)
  A stone giant skeleton (Crypt:1)
  A molten gargoyle (Lair:1)
  A spiny frog (shapeshifter) (Vaults:1)
  3 frost giant skeletons
  An eye of devastation (Gauntlet)
  2 ice statues (IceCv)
  A guardian serpent (shapeshifter) (D:15)
  14 spiny frogs
  A death yak zombie (Lair:2)
  11 vault sentinels
  2 orange demons (Gauntlet)
  5 rime drakes
  6 torpor snails (Lair:6)
  6 komodo dragons
  17 yaktaurs
  6 freezing wraiths
  A sea snake zombie (Crypt:2)
  2 minotaur zombies (Gauntlet)
  An efreet (D:15)
  13 demonic crawlers
  2 kobold demonologists (D:12)
  A yaktaur (shapeshifter) (Vaults:2)
  14 guardian mummies (Tomb:1)
  A minotaur skeleton (Lair:4)
  2 pale draconian skeletons
  2 death yak skeletons
  3 red devils (Volcano)
  A queen bee (shapeshifter) (Vaults:4)
  6 trolls
  A catoblepas skeleton (Lair:2)
  4 tengu conjurers
  2 queen bees
  2 hydra zombies (Lair:2)
  3 meliai (Spider:4)
  31 hornets
  A meliai (shapeshifter) (Vaults:1)
  A jumping spider (shapeshifter) (Vaults:3)
  30 jumping spiders
  Prince Ribbit (D:9)
  15 tyrant leeches
  A polar bear (Lair:6)
  Grinder (D:2)
  2 blink frogs (shapeshifter)
  A tengu simulacrum (Vaults:2)
  5 hydra skeletons
  4 bog bodies
  A hippogriff (shapeshifter) (D:15)
  A raiju (shapeshifter) (D:15)
  A harpy skeleton (D:15)
  7 hippogriffs
  17 blink frogs
  A meliai zombie (D:15)
  2 fire dragon zombies
  A stone giant simulacrum (Vaults:1)
  A dream sheep (Lair:3)
  11 flying skulls
  4 air elementals
  73 redbacks
  4 spriggans
  A spriggan (shapeshifter) (D:15)
  2 ushabtiu (Tomb:1)
  An alligator skeleton (Crypt:2)
  26 tarantellas
  3 wyverns
  2 water elementals
  10 wraiths
  2 shadows
  69 yaks
  Sigmund (Temple)
  2 golden eyes (shapeshifter)
  A basilisk (Lair:6)
  4 black mamba skeletons
  3 hungry ghosts
  A redback simulacrum (D:15)
  12 vampire mosquitoes
  12 wargs
  3 acid dragons
  Edmund (D:6)
  A soldier ant (shapeshifter) (Vaults:4)
  A soldier ant (D:13)
  18 swamp worms
  7 insubstantial wisps
  6 water moccasins
  2 hell hounds (Volcano)
  A floating eye (Gauntlet)
  A merfolk skeleton (Crypt:3)
  A torturous demonspawn skeleton (Crypt:3)
  A two-headed ogre skeleton (Orc:2)
  A hornet zombie (D:15)
  A water nymph skeleton (Crypt:2)
  6 porcupines
  15 swamp drakes
  4 slaves (D:9)
  A lindwurm zombie (Crypt:3)
  80 orc warriors
  5 sky beasts
  A spiny frog skeleton (Lair:1)
  A snapping turtle zombie (Crypt:2)
  A dream sheep zombie (Lair:4)
  An eye of draining (D:11)
  30 ogres
  17 ice beasts
  2 necrophages
  10 wolves
  14 boggarts
  2 phantoms
  20 centaurs
  2 orc skeletons (Orc:2)
  9 crocodiles
  A blink frog skeleton (Lair:4)
  3 big kobolds
  2 dream sheep skeletons (Lair:1)
  A komodo dragon zombie (Lair:4)
  An octopode zombie (Crypt:2)
  A cyclops zombie (Crypt:1)
  An elf skeleton (Crypt:1)
  15 bullfrogs
  A wyvern zombie (D:6)
  A gnoll sergeant (Orc:1)
  A water moccasin zombie (Lair:2)
  6 earth elementals
  2 komodo dragon skeletons
  2 hippogriff skeletons
  3 water moccasin skeletons
  6 scorpions
  A human simulacrum (Vaults:2)
  22 killer bees
  15 wights
  A yak skeleton (Lair:4)
  A wolf zombie (Lair:5)
  13 electric eels
  3 howler monkeys
  5 crimson imps
  3 bullfrog zombies
  A demonspawn zombie (Crypt:2)
  A yaktaur simulacrum (Vaults:1)
  2 jellies
  10 hounds
  2 gnoll shamans
  26 orc priests
  A basilisk skeleton (Lair:2)
  3 centaur skeletons
  6 bullfrog skeletons
  6 iguanas
  Ijyb (D:6)
  2 porcupine zombies
  16 worker ants
  30 orc wizards
  A demonspawn skeleton (Crypt:1)
  3 porcupine skeletons
  A killer bee zombie (Crypt:2)
  A centaur simulacrum (Crypt:2)
  3 crocodile skeletons
  An ogre skeleton (Orc:2)
  17 mummies
  13 gnolls
  13 adders
  2 howler monkey skeletons (D:4)
  3 shadow imps
  An ooze (D:2)
  An iguana skeleton (Crypt:3)
  A lava snake zombie (Crypt:1)
  4 worms (Spider:2)
  4 dart slugs
  4 leopard geckos
  123 orcs
  A ball python (D:4)
  5 bats
  2 giant cockroaches
  12 goblins
  11 hobgoblins
  6 jackals
  14 kobolds
  3 quokkas
  A dart slug zombie (Crypt:3)
  5 frilled lizards
  3 gnoll zombies (Ossuary)
  A goblin skeleton (Crypt:2)
  3 hobgoblin zombies
  A jackal skeleton (D:4)
  2 kobold zombies (Ossuary)
  An orc zombie (Ossuary)
  A quokka skeleton (Crypt:3)
  2 quokka zombies (D:5)
  7 rats
  6 fungi
  16 plants
  12 withered plants (Crypt:3)
2042 creatures vanquished.

Vanquished Creatures (collateral kills)
  A deep elf sorcerer (Elf:3)
  A wolf spider (Spider:3)
  A jumping spider (Spider:1)
  An orc (Orc:2)
4 creatures vanquished.

Vanquished Creatures (others)
  An entropy weaver (Lair:4)
  A vampire knight (Crypt:2)
  5 stone giants
  A yaktaur captain (Vaults:4)
  28 dancing weapons
  A deep elf knight (Vaults:4)
  5 deep elf archers
  2 deep elf magi (Elf:1)
  An elephant (Lair:3)
  A vault sentinel (Vaults:1)
  7 yaktaurs
  A yak (Lair:2)
  An insubstantial wisp (Swamp:4)
  3 orc warriors
  An ogre (Vaults:3)
  A centaur (D:14)
  2 orcs (Vaults:5)
  3 briar patches (Swamp:1)
  11 fungi (Lair:3)
  10 plants
  5 toadstools (Lair:3)
91 creatures vanquished.

Grand Total: 2137 creatures vanquished

Notes
Turn   | Place    | Note
-------+----------+-------------------------------------------
     0 | D:1      | DildoBatman the Formicid Wizard began the quest for the
                  | Orb.
     0 | D:1      | Reached XP level 1. HP: 13/13 MP: 4/4
    42 | D:1      | Reached skill level 1 in Conjurations
   196 | D:1      | Reached XP level 2. HP: 8/19 MP: 0/6
   734 | D:1      | Reached XP level 3. HP: 19/24 MP: 0/7
   739 | D:1      | Learned a level 3 spell: Conjure Flame
   743 | D:1      | Learned a level 3 spell: Mephitic Cloud
  1495 | D:2      | Found a snail-covered altar of Cheibriados.
  1529 | D:2      | Found an opulent altar of Gozag.
  1531 | D:2      | Found Gozag's Platinum Reserve.
  2414 | D:2      | Reached XP level 4. HP: 12/30 MP: 5/8
  2441 | D:3      | Noticed Grinder
  2649 | D:3      | Found a sparkling altar of Nemelex Xobeh.
  2721 | D:3      | Reached XP level 5. HP: 35/35 MP: 1/9
  3525 | D:4      | Reached XP level 6. HP: 41/41 MP: 8/10
  3606 | D:4      | Reached skill level 5 in Conjurations
  3874 | D:4      | Got an ichor-stained hunting sling
  3887 | D:4      | Noticed an ogre
  3898 | D:4      | Identified the +5 hunting sling of Ucymm {speed, *Slow
                  | rPois rN++ Str+2} (You found it on level 4 of the Dungeon)
  3914 | D:4      | Reached XP level 7. HP: 36/46 MP: 9/11
  3927 | D:4      | Found a sand-covered staircase.
  3936 | Ossuary  | Entered an ossuary
  3957 | Ossuary  | Reached skill level 1 in Fire Magic
  4280 | D:5      | Entered Level 5 of the Dungeon
  4870 | D:5      | Found Duydin's Weapon Shop.
  4889 | D:5      | Noticed Ijyb
  4959 | D:5      | Reached skill level 1 in Air Magic
  5022 | D:5      | Reached XP level 8. HP: 52/52 MP: 12/12
  5366 | D:6      | Noticed a hornet
  5376 | D:6      | Killed a hornet
  5376 | D:6      | Reached skill level 5 in Fire Magic
  5435 | D:6      | Found a staircase to the Ecumenical Temple.
  5441 | Temple   | Entered the Ecumenical Temple
  5677 | D:6      | Reached XP level 9. HP: 49/57 MP: 3/13
  5697 | D:6      | Reached skill level 5 in Air Magic
  5710 | D:6      | Noticed Sigmund
  5890 | D:6      | Noticed Edmund
  6073 | D:7      | Found a flagged portal.
  6210 | Bailey   | Entered a bailey
  6210 | Bailey   | Noticed an orc knight
  6251 | Bailey   | Reached skill level 5 in Spellcasting
  6426 | Bailey   | Noticed an orc knight
  6436 | Bailey   | Killed an orc knight
  6437 | Bailey   | Killed an orc knight
  6437 | Bailey   | Reached XP level 10. HP: 50/63 MP: 15/21
  6438 | Bailey   | Reached skill level 5 in Shields
  7539 | D:8      | Noticed a two-headed ogre
  7599 | D:8      | Found an ancient bone altar of Kikubaaqudgha.
  7604 | D:8      | Became a worshipper of Kikubaaqudgha
  7659 | D:8      | Killed a two-headed ogre
  7797 | D:6      | Killed Edmund
  7797 | D:6      | Reached skill level 10 in Shields
  7867 | D:6      | Killed Ijyb
  8587 | D:2      | Killed Grinder
  8868 | D:7      | Reached XP level 11. HP: 68/68 MP: 18/22
  9300 | D:8      | Noticed Erica
  9320 | D:8      | Killed Erica
  9322 | D:8      | Reached * piety under Kikubaaqudgha
  9322 | D:8      | Identified Kikubaaqudgha's Guide on Darkness (Kikubaaqudgha
                  | gifted it to you on level 8 of the Dungeon)
  9322 | D:8      | Received a gift from Kikubaaqudgha
  9331 | D:8      | Learned a level 2 spell: Sublimation of Blood
  9335 | D:8      | Learned a level 3 spell: Vampiric Draining
  9757 | D:9      | Noticed Pikel
  9784 | D:9      | Killed Pikel
 10257 | D:9      | Found a radiant altar of Vehumet.
 10257 | D:9      | Found a glowing golden altar of the Shining One.
 10272 | D:9      | Noticed Prince Ribbit
 10283 | D:9      | Killed Prince Ribbit
 10454 | D:10     | Entered Level 10 of the Dungeon
 10568 | D:10     | Reached ** piety under Kikubaaqudgha
 11018 | D:10     | HP: 1/68 [electric eel/bolt of electricity (10)]
 11948 | D:11     | Noticed a phantasmal warrior
 11984 | D:10     | Killed a phantasmal warrior
 12080 | D:11     | Found a gate leading to a gauntlet.
 12127 | D:11     | Reached XP level 12. HP: 74/74 MP: 12/23
 12168 | D:11     | Reached skill level 15 in Shields
 12229 | D:11     | Reached skill level 1 in Necromancy
 12235 | D:11     | Reached *** piety under Kikubaaqudgha
 12235 | D:11     | Identified Kikubaaqudgha's Collected Works on Black Rituals
                  | (Kikubaaqudgha gifted it to you on level 11 of the Dungeon)
 12235 | D:11     | Received a gift from Kikubaaqudgha
 12288 | Gauntlet | Entered a Gauntlet
 12288 | Gauntlet | Found a transporter.
 12288 | Gauntlet | Found a transporter.
 12288 | Gauntlet | Found a transporter.
 12289 | Gauntlet | Found a transporter.
 12290 | Gauntlet | Noticed a tengu warrior
 12292 | Gauntlet | Found a transporter.
 12292 | Gauntlet | Found a transporter.
 12306 | Gauntlet | Found a transporter.
 12308 | Gauntlet | Found a transporter.
 12308 | Gauntlet | Found a large runed translucent door.
 12309 | Gauntlet | Found a large runed translucent door.
 12310 | Gauntlet | Found a large runed translucent door.
 12310 | Gauntlet | Found a large runed translucent door.
 12310 | Gauntlet | Found a runed translucent door.
 12311 | Gauntlet | Found a large runed translucent door.
 12312 | Gauntlet | Found a large runed translucent door.
 12313 | Gauntlet | Found a large runed translucent door.
 12313 | Gauntlet | Found a large runed translucent door.
 12314 | Gauntlet | Found a runed translucent gate.
 12315 | Gauntlet | Noticed a green death
 12316 | Gauntlet | Found a transporter.
 12322 | Gauntlet | Found a transporter.
 12322 | Gauntlet | Found a runed translucent gate.
 12322 | Gauntlet | Noticed a reaper
 12323 | Gauntlet | Found a runed translucent gate.
 12323 | Gauntlet | Found a runed translucent door.
 12325 | Gauntlet | Found a large runed translucent door.
 12325 | Gauntlet | Found a large runed translucent door.
 12326 | Gauntlet | Found a large runed translucent door.
 12327 | Gauntlet | Found a large runed translucent door.
 12336 | Gauntlet | Found a large runed translucent door.
 12336 | Gauntlet | Found a large runed translucent door.
 12337 | Gauntlet | Found a large runed translucent door.
 12338 | Gauntlet | Found a large runed translucent door.
 12340 | Gauntlet | Found a transporter.
 12344 | Gauntlet | Found a transporter.
 12534 | Gauntlet | Killed a tengu warrior
 12638 | Gauntlet | Reached skill level 5 in Necromancy
 12656 | Gauntlet | Got a smoking amber ring
 12660 | Gauntlet | Identified the ring "Puudwaem" {*Corrode +Inv rPois rF-
                  | Dex+8} (You found it in a Gauntlet)
 12685 | Gauntlet | Killed a green death
 12737 | Gauntlet | Got a shimmering turquoise ring
 12742 | Gauntlet | Identified the ring "Viagoeq" {MR+ Dex+5} (You found it in
                  | a Gauntlet)
 12757 | Gauntlet | Noticed a minotaur
 12982 | Gauntlet | Killed a minotaur
 13071 | D:11     | Gained mutation: Your system is resistant to poisons.
                  | (rPois) [potion of mutation]
 13071 | D:11     | Gained mutation: Your spells are a little harder to cast,
                  | but a little more powerful. [potion of mutation]
 13071 | D:11     | Gained mutation: You expend magic power (3 MP) to
                  | strengthen your wands. [potion of mutation]
 13071 | D:11     | Gained mutation: You are partially covered in rugged brown
                  | scales. (AC +1, +3% HP) [potion of mutation]
 13112 | D:11     | Found Oxonahy's Armour Emporium.
 13113 | D:11     | Found a staircase to the Orcish Mines.
 13186 | D:11     | Found Neij's Weapon Emporium.
 13247 | D:11     | Noticed a five-headed hydra
 13255 | D:11     | Killed a five-headed hydra
 13404 | D:11     | Noticed a skeletal warrior
 13405 | D:11     | Noticed a skeletal warrior
 13426 | D:11     | Killed a skeletal warrior
 13427 | D:11     | Killed a skeletal warrior
 13438 | D:11     | Noticed a skeletal warrior
 13481 | D:11     | Killed a skeletal warrior
 13481 | D:11     | Reached skill level 1 in Fighting
 13481 | D:11     | Reached skill level 1 in Armour
 13481 | D:11     | Reached XP level 13. HP: 80/84 MP: 19/24
 13671 | D:11     | Found a staircase to the Lair.
 13678 | D:11     | Learned a level 5 spell: Dispel Undead
 13684 | D:11     | Learned a level 5 spell: Bolt of Draining
 13943 | D:11     | Reached **** piety under Kikubaaqudgha
 14211 | Temple   | Killed Sigmund
 14309 | Orc:1    | Entered Level 1 of the Orcish Mines
 14309 | Orc:1    | Noticed Urug
 14327 | Orc:1    | Found a dark tunnel.
 14382 | Orc:1    | Killed Urug
 14413 | Orc:1    | Noticed Josephine
 14421 | Orc:1    | Noticed an orc warlord
 14439 | Orc:1    | Killed an orc warlord
 14440 | Orc:1    | Killed Josephine
 14443 | Orc:1    | Reached skill level 10 in Necromancy
 14581 | Volcano  | Entered a volcano
 14618 | Volcano  | Reached skill level 1 in Evocations
 14789 | Volcano  | Reached skill level 5 in Armour
 14826 | Volcano  | Reached skill level 5 in Fighting
 15047 | Orc:1    | Found a roughly hewn altar of Beogh.
 15403 | Orc:2    | Entered Level 2 of the Orcish Mines
 15403 | Orc:2    | Found Qekall's Magic Scroll Boutique.
 15403 | Orc:2    | Found Weocvewn's Food Shoppe.
 15492 | Orc:2    | Found Ymemoug's Food Emporium.
 15600 | Orc:2    | Reached ***** piety under Kikubaaqudgha
 15844 | Orc:2    | Reached skill level 5 in Dodging
 16006 | Orc:2    | Reached XP level 14. HP: 100/100 MP: 2/25
 16165 | Orc:2    | Found a roughly hewn altar of Beogh.
 16184 | Orc:2    | Found Veqaqij's Food Shoppe.
 16184 | Orc:2    | Found Womox's Armour Boutique.
 16217 | Orc:2    | Bought a scroll of identify for 30 gold pieces
 16217 | Orc:2    | Bought a scroll of identify for 30 gold pieces
 16217 | Orc:2    | Bought a scroll of identify for 30 gold pieces
 16217 | Orc:2    | Bought a scroll of identify for 30 gold pieces
 16217 | Orc:2    | Bought a scroll of identify for 30 gold pieces
 16217 | Orc:2    | Bought a scroll of identify for 30 gold pieces
 16480 | Orc:2    | Found Vas Tuth's General Store.
 16489 | Orc:2    | Bought a potion of curing for 45 gold pieces
 16489 | Orc:2    | Bought a scroll of identify for 30 gold pieces
 16489 | Orc:2    | Bought a scroll of enchant armour for 112 gold pieces
 16489 | Orc:2    | Bought a scroll of fog for 30 gold pieces
 16493 | Orc:2    | Found a staircase to the Elven Halls.
 16502 | Orc:2    | Found Zagyimed's Book Emporium.
 16676 | Orc:2    | Found Busowi's Antique Weapon Shoppe.
 16676 | Orc:2    | Found Neekis's Armour Boutique.
 17156 | Lair:1   | Entered Level 1 of the Lair of Beasts
 17302 | Lair:1   | Reached ****** piety under Kikubaaqudgha
 17340 | D:11     | Received a gift from Kikubaaqudgha
 17342 | D:11     | Fell from the grace of Kikubaaqudgha
 17537 | D:2      | Became a worshipper of Gozag Ym Sagoz the Greedy
 17740 | D:11     | Identified a scroll of acquirement
 17966 | Lair:1   | Noticed Fannar
 17975 | Lair:1   | Killed Fannar
 18114 | Orc:2    | Bought a book of Unlife for 910 gold pieces
 18120 | Orc:2    | Learned a level 5 spell: Borgnjor's Vile Clutch
 18456 | Lair:1   | Reached skill level 1 in Earth Magic
 18549 | Lair:1   | Reached skill level 2 in Earth Magic
 18978 | Lair:1   | Reached skill level 3 in Earth Magic
 19136 | Lair:1   | Reached skill level 4 in Earth Magic
 19478 | Lair:2   | Reached skill level 5 in Earth Magic
 19970 | Lair:2   | Reached skill level 6 in Earth Magic
 20020 | Lair:2   | Found a hole to the Spider Nest.
 20999 | Lair:3   | Reached skill level 7 in Earth Magic
 21216 | Lair:3   | Found a runed translucent door.
 21436 | Lair:3   | Reached skill level 8 in Earth Magic
 21503 | Lair:3   | Noticed a reaper
 21717 | Lair:3   | Got an encrusted arbalest
 21718 | Lair:3   | Identified the cursed +1 arbalest "Wyzoynag" {velocity, rC+
                  | rN+ Str-5} (You found it on level 3 of the Lair of Beasts)
 22063 | Lair:4   | Found a staircase to the Swamp.
 22216 | Lair:4   | Reached skill level 9 in Earth Magic
 22223 | Lair:4   | Reached XP level 15. HP: 94/109 MP: 13/26
 22304 | Lair:4   | Found a runed translucent door.
 22540 | Lair:4   | Reached skill level 10 in Earth Magic
 23157 | Lair:4   | Reached skill level 10 in Spellcasting
 23362 | Lair:5   | Was forgiven by Kikubaaqudgha
 23662 | Lair:5   | Found a runed translucent gate.
 23663 | Lair:5   | Found a runed translucent gate.
 23663 | Lair:5   | Noticed Riymurr's ghost (journeyman MfMo)
 23955 | Lair:5   | Found a basalt altar of Yredelemnul.
 23983 | Lair:5   | Found a runed translucent gate.
 23995 | Lair:5   | Killed Riymurr's ghost
 24155 | Lair:6   | Entered Level 6 of the Lair of Beasts
 24566 | Lair:6   | Found a runed translucent door.
 24567 | Lair:6   | Found a viscous altar of Jiyva.
 24569 | Lair:6   | Found a staircase to the Slime Pits.
 24569 | Lair:6   | Noticed an acid blob
 24638 | Lair:6   | Got a fine quarterstaff
 24651 | Lair:6   | Identified the +6 quarterstaff of the Ghost {holy, rF+}
                  | (You found it on level 6 of the Lair of Beasts)
 24944 | Lair:6   | Found a runed translucent door.
 25032 | Lair:6   | Reached XP level 16. HP: 103/113 MP: 20/32
 25499 | Lair:6   | Killed an acid blob
 25796 | D:12     | Found a frozen archway.
 25868 | IceCv    | Entered an ice cave
 25868 | IceCv    | Found the brooch of Shielding {Reflect SH+8}
 25911 | IceCv    | Found a transporter.
 26011 | IceCv    | Found a transporter.
 26962 | D:13     | Found a radiant altar of Vehumet.
 27260 | D:13     | Found a gate to the Vaults.
 27511 | D:14     | Reached skill level 11 in Earth Magic
 28187 | D:15     | Entered Level 15 of the Dungeon
 28320 | D:15     | Found a staircase to the Depths.
 28403 | D:15     | Reached XP level 17. HP: 119/119 MP: 10/35
 29181 | Orc:2    | Bought a scroll of immolation for 52 gold pieces
 29202 | D:11     | Bought the +2 shield of Resistance {rF+ rC+ MR+} for 616
                  | gold pieces
 29202 | D:11     | Found the +2 shield of Resistance {rF+ rC+ MR+}
 29202 | D:11     | Bought the +2 cloak of the Thief {+Fog Slay-2 SInv Stlth+}
                  | for 301 gold pieces
 29202 | D:11     | Found the +2 cloak of the Thief {+Fog Slay-2 SInv Stlth+}
 29369 | Swamp:1  | Entered Level 1 of the Swamp
 29384 | Swamp:1  | Reached skill level 15 in Spellcasting
 29388 | Swamp:1  | Reached skill level 12 in Earth Magic
 29639 | Swamp:1  | Noticed a thorn hunter
 29704 | Swamp:1  | Killed a thorn hunter
 31094 | Swamp:3  | Noticed Louise
 31115 | Swamp:2  | Killed Louise
 31903 | Swamp:4  | Entered Level 4 of the Swamp
 32460 | Swamp:4  | Noticed a thorn hunter
 32470 | Swamp:4  | Killed a thorn hunter
 32617 | Swamp:4  | Reached XP level 18. HP: 115/128 MP: 22/37
 32640 | Swamp:4  | Reached skill level 15 in Necromancy
 32849 | Swamp:4  | Learned a level 3 spell: Regeneration
 32863 | Swamp:4  | Got a decaying rune of Zot
 33418 | Spider:1 | Entered Level 1 of the Spider Nest
 33422 | Spider:1 | Reached skill level 1 in Charms
 35349 | Spider:3 | Reached XP level 19. HP: 136/138 MP: 11/38
 35913 | Spider:4 | Entered Level 4 of the Spider Nest
 37000 | Spider:4 | Got a gossamer rune of Zot
 37274 | Vaults:1 | Entered Level 1 of the Vaults
 37311 | Vaults:1 | Lost mutation: You expend magic power (3 MP) to strengthen
                  | your wands. [potion of mutation]
 37311 | Vaults:1 | Lost mutation: You are partially covered in rugged brown
                  | scales. (AC +1, +3% HP) [potion of mutation]
 37311 | Vaults:1 | Gained mutation: You are dopey. (Int -2) [potion of
                  | mutation]
 37311 | Vaults:1 | Gained mutation: You evolve. [potion of mutation]
 37311 | Vaults:1 | Gained mutation: Your body sometimes deteriorates upon
                  | taking damage. [potion of mutation]
 37311 | Vaults:1 | Gained mutation: You have sharp toenails. [potion of
                  | mutation]
 37459 | Vaults:1 | You fall into a shaft and drop 1 floor!
 37555 | Vaults:1 | Reached skill level 10 in Fighting
 37725 | Vaults:1 | Reached skill level 10 in Armour
 37868 | Vaults:1 | Reached XP level 20. HP: 147/147 MP: 13/39
 38902 | Vaults:2 | Gained mutation: You possess an exceptional clarity of
                  | mind. [evolution]
 38916 | Vaults:2 | Learned a level 8 spell: Necromutation
 38918 | Vaults:2 | Found a staircase to the Crypt.
 38928 | Vaults:2 | Learned a level 5 spell: Bolt of Magma
 38953 | Vaults:2 | Reached skill level 1 in Transmutations
 38953 | Vaults:2 | Reached skill level 5 in Evocations
 39557 | Vaults:2 | You fall into a shaft and drop 1 floor!
 39656 | Vaults:2 | Reached skill level 5 in Transmutations
 40385 | Vaults:3 | Noticed Mara
 40406 | Vaults:3 | Noticed DildoBatman's illusion
 40411 | Vaults:3 | Killed Mara
 40411 | Vaults:3 | Reached XP level 21. HP: 128/153 MP: 4/40
 40705 | Vaults:3 | Reached skill level 10 in Transmutations
 40999 | Vaults:3 | Noticed Aizul
 41032 | Vaults:3 | Killed Aizul
 41630 | Vaults:4 | Gained mutation: You rapidly evolve. [evolution]
 42689 | Vaults:4 | Got a crude ring mail
 42900 | Vaults:4 | Reached XP level 22. HP: 159/159 MP: 23/41
 43164 | Crypt:1  | Entered Level 1 of the Crypt
 43181 | Crypt:1  | Identified the +3 ring mail of Dishonour {rC+ Int+6} (You
                  | found it on level 4 of the Vaults)
 43472 | Elf:1    | Entered Level 1 of the Elven Halls
 44284 | Elf:1    | Found Diarphas's Book Shop.
 44559 | Elf:2    | Found a runed translucent door.
 44571 | Elf:2    | Noticed Pileg's ghost (adept FoFi)
 44581 | Elf:2    | Killed Pileg's ghost
 44581 | Elf:2    | Reached skill level 15 in Transmutations
 44706 | Elf:2    | Found a runed translucent gate.
 44706 | Elf:2    | Found a runed translucent gate.
 44706 | Elf:2    | Found a runed translucent gate.
 45651 | Elf:3    | Entered Level 3 of the Elven Halls
 46460 | Elf:3    | Noticed Asterion
 46471 | Elf:3    | Killed Asterion
 46484 | Elf:3    | Killed the ghostly Asterion
 46492 | Elf:3    | Reached XP level 23. HP: 61/165 MP: 2/43
 46624 | Elf:3    | Identified the Collected Works on Supportive Orientation
 46689 | Elf:3    | Got a translucent jade ring
 46859 | Elf:3    | Got an iridescent whip
 46886 | Elf:3    | Identified the cursed +0 whip "Myovov Luet" {drain, MR+
                  | Dex+2} (You found it on level 3 of the Elven Halls)
 46904 | Elf:3    | Identified the ring "Qasuts" {Dex+7 Stlth-} (You found it
                  | on level 3 of the Elven Halls)
 47387 | Crypt:1  | Noticed a greater mummy
 47388 | Crypt:1  | Noticed Khufu
 47481 | Crypt:1  | Noticed a greater mummy
 47650 | Crypt:1  | Killed a greater mummy
 47891 | Crypt:1  | Noticed Margery
 47906 | Crypt:1  | Killed Margery
 48282 | Crypt:1  | Found a runed translucent gate.
 48282 | Crypt:1  | Found a runed translucent gate.
 48283 | Crypt:1  | Found a runed translucent gate.
 48296 | Crypt:1  | Noticed Esecs's ghost (veteran GrEE)
 48296 | Crypt:1  | Identified the +1 robe "Damuy" {rN+++ Regen+ rCorr Dex-5}
 48296 | Crypt:1  | Identified the +6 demon blade of Foolhardiness {vamp, rElec
                  | rF++}
 48297 | Crypt:1  | Found an iron altar of Okawaru.
 48297 | Crypt:1  | Identified the ring "Xastu" {rPois MP+9 Dex+3}
 48581 | Crypt:1  | Killed Esecs's ghost
 48757 | Crypt:2  | Reached skill level 5 in Stealth
 48849 | Crypt:2  | Reached XP level 24. HP: 152/172 MP: 24/44
 49119 | Crypt:2  | Reached skill level 13 in Earth Magic
 49465 | Crypt:2  | Reached skill level 14 in Earth Magic
 49679 | Crypt:2  | Got a shimmering iron ring
 49708 | Crypt:3  | Entered Level 3 of the Crypt
 49708 | Crypt:3  | Noticed Xtahua
 49794 | Crypt:3  | Found a staircase to the Tomb.
 50137 | Crypt:3  | Gained mutation: Scrolls take you a little longer to read.
                  | [evolution]
 50212 | Crypt:3  | Reached skill level 15 in Earth Magic
 50255 | Crypt:3  | Killed Xtahua
 50709 | Crypt:3  | Reached skill level 16 in Earth Magic
 50792 | Crypt:3  | Noticed an ancient lich
 50869 | Crypt:3  | Killed an ancient lich
 50897 | Crypt:3  | Reached skill level 17 in Earth Magic
 50927 | Crypt:3  | Identified the ring "Tynoprun" {Wiz rC+} (You found it on
                  | level 2 of the Crypt)
 51066 | Tomb:1   | Entered Level 1 of the Tomb of the Ancients
 51382 | Tomb:1   | Reached skill level 18 in Earth Magic
 51407 | Tomb:1   | Reached XP level 25. HP: 88/177 MP: 7/44
 51751 | Tomb:1   | Noticed a greater mummy
 51761 | Tomb:1   | Killed a greater mummy
 51836 | Tomb:1   | Noticed a greater mummy
 51869 | Tomb:1   | Killed a greater mummy
 51973 | Tomb:1   | Reached skill level 19 in Earth Magic
 52560 | Tomb:1   | Bought the ring of Phasing {EV+8} for 2432 gold pieces
 52560 | Tomb:1   | Found the ring of Phasing {EV+8}
 52572 | Tomb:1   | Bought a scroll labeled DESINY UMABRU for 34 gold pieces
 52581 | Tomb:1   | Lost mutation: Your system is resistant to poisons. (rPois)
                  | [evolution]
 52581 | Tomb:1   | Lost mutation: You rapidly evolve. [decline of evolution]
 52583 | Tomb:1   | Bought a scroll of identify for 48 gold pieces
 52583 | Tomb:1   | Bought a scroll of identify for 48 gold pieces
 52583 | Tomb:1   | Bought a scroll of identify for 48 gold pieces
 52583 | Tomb:1   | Bought a potion of might for 96 gold pieces
 52583 | Tomb:1   | Bought 2 potions of curing for 144 gold pieces
 52583 | Tomb:1   | Bought a scroll of amnesia for 84 gold pieces
 52585 | Tomb:1   | Bought a book of the Tempests for 1610 gold pieces
 52596 | Tomb:1   | Learned a level 9 spell: Shatter
 52606 | Tomb:1   | Got a smoking shield
 52617 | Tomb:1   | Identified the +2 shield of Ochom {Dex+4} (You acquired it
                  | on level 1 of the Tomb of the Ancients)
 52643 | Tomb:1   | Noticed a greater mummy
 52650 | Tomb:1   | Killed a greater mummy
 52682 | Tomb:1   | Noticed a greater mummy
 52689 | Tomb:1   | Killed a greater mummy
 52762 | Tomb:1   | Noticed a greater mummy
 52773 | Tomb:1   | Noticed a greater mummy
 52774 | Tomb:1   | Killed a greater mummy
 52782 | Tomb:1   | Noticed a greater mummy
 52785 | Tomb:1   | Killed a greater mummy
 52801 | Tomb:1   | Killed a greater mummy
 52801 | Tomb:1   | Reached skill level 20 in Earth Magic
 52830 | Tomb:1   | Noticed a greater mummy
 52832 | Tomb:1   | Noticed a greater mummy
 52832 | Tomb:1   | Noticed a greater mummy
 52833 | Tomb:1   | Noticed a greater mummy
 52842 | Tomb:1   | Killed a greater mummy
 53053 | Tomb:1   | Killed a greater mummy
 53062 | Tomb:1   | Killed a greater mummy
 53228 | Tomb:1   | Noticed a greater mummy
 53236 | Tomb:1   | Killed a greater mummy
 53271 | Tomb:1   | Noticed a greater mummy
 53279 | Tomb:1   | Killed a greater mummy
 53279 | Tomb:1   | Reached skill level 21 in Earth Magic
 53279 | Tomb:1   | Noticed a greater mummy
 53296 | Tomb:1   | Killed a greater mummy
 53310 | Tomb:1   | Lost mutation: Scrolls take you a little longer to read.
                  | [potion of mutation]
 53310 | Tomb:1   | Lost mutation: Your body sometimes deteriorates upon taking
                  | damage. [potion of mutation]
 53310 | Tomb:1   | Lost mutation: You have sharp toenails. [potion of
                  | mutation]
 53310 | Tomb:1   | Lost mutation: Your spells are a little harder to cast, but
                  | a little more powerful. [potion of mutation]
 53310 | Tomb:1   | Lost mutation: You are dopey. (Int -2) [potion of mutation]
 53310 | Tomb:1   | Gained mutation: Your flesh is cold resistant. (rC+)
                  | [potion of mutation]
 53331 | Tomb:1   | Noticed a greater mummy
 53342 | Tomb:1   | Killed a greater mummy
 53391 | Tomb:1   | Noticed a greater mummy
 53417 | Tomb:1   | Killed a greater mummy
 53501 | Tomb:1   | Noticed a greater mummy
 53507 | Tomb:1   | Noticed a greater mummy
 53510 | Tomb:1   | Killed a greater mummy
 53513 | Tomb:1   | Noticed a greater mummy
 53521 | Tomb:1   | Killed a greater mummy
 53521 | Tomb:1   | Reached XP level 26. HP: 134/181 MP: 7/44
 53521 | Tomb:1   | Noticed a greater mummy
 53526 | Tomb:1   | Killed a greater mummy
 53526 | Tomb:1   | Reached skill level 22 in Earth Magic
 53625 | Tomb:1   | Killed a greater mummy
 53693 | Tomb:1   | Noticed a greater mummy
 53701 | Tomb:1   | Killed a greater mummy
 53922 | Tomb:1   | Noticed a greater mummy
 53925 | Tomb:1   | Noticed a greater mummy
 54069 | Tomb:1   | Killed a greater mummy
 54084 | Tomb:1   | Noticed a greater mummy
 54090 | Tomb:1   | Killed a greater mummy
 54176 | Tomb:1   | Killed a greater mummy
 54176 | Tomb:1   | Reached skill level 23 in Earth Magic
 54228 | Tomb:1   | Noticed a greater mummy
 54238 | Tomb:1   | Killed a greater mummy
 54297 | Tomb:1   | Noticed a greater mummy
 54305 | Tomb:1   | Killed a greater mummy
 54339 | Tomb:1   | Killed a greater mummy
 54826 | Crypt:1  | Killed a greater mummy
 54827 | Crypt:1  | Killed Khufu
 54941 | Vaults:5 | Entered Level 5 of the Vaults
 54943 | Vaults:5 | Reached skill level 24 in Earth Magic
 55297 | Vaults:4 | Reached XP level 27. HP: 140/186 MP: 9/44
 55376 | Vaults:5 | Reached skill level 25 in Earth Magic
 55378 | Vaults:5 | HP: 1/190 [yaktaur captain/bolt (33)]
 55388 | Vaults:4 | HP: 8/190 [tengu reaver/+0 great sword (6)]
 55389 | Vaults:4 | HP: 1/190 [tentacled monstrosity (9)]
 55390 | Vaults:4 | Mangled by a freezing wraith

Levels and vault maps discovered:
D:1:      lightli_arrival_statuegarden, layout_basic, hex_tiny,
          chequers_serial_rivers_small_3
D:2:      layout_loops_ring, nicolae_overflow_hidden_temple,
          nicolae_gozag_zags_fifth_avenue, first_ration,
          minmay_misc_feat_encased
D:3:      layout_basic, overflow_temple_1_default, uniq_grinder
D:4:      cheibrodos_greedy_goblins, layout_loops_cross, enter_ossuary_5,
          minmay_misc_feat_secret_circle, serial_bayou_pond_c
D:5:      layout_basic, serial_shops, kennysheep_mini, uniq_ijyb
D:6:      layout_basic, minmay_temple_entry_proselytizer, uniq_edmund,
          uniq_sigmund
D:7:      layout_basic, enter_bailey_3
D:8:      layout_rooms, kiku_gazebo_garden_becter, uniq_erica
D:9:      layout_rooms, gammafunk_temple_overflow_wave, uniq_pikel,
          uniq_prince_ribbit1
D:10:     layout_basic
D:11:     layout_roguey, dpeg_oklobed_lair, orc_david_3, gauntlet_entry_generic
D:12:     layout_roguey, portal_ice_cave_entry_ice_beasts, david_nohive_1
D:13:     layout_cave_pools, erik_vaults_2, basic_altar
D:14:     layout_long_grid, minivault_23
D:15:     gammafunk_enter_depths_forms, layout_basic,
          hangedman_decor_peaks_small
Temple:   eino_temple_rhombus
Lair:1:   dpeg_oklob_gauntlet, layout_gridlike, grunt_megastairs_5, uniq_fannar
Lair:2:   layout_gridlike, spider_nest_entry_webs
Lair:3:   gammafunk_lair_enchanted_lake, layout_loops_ring, lemuel_fruit_tree
Lair:4:   gammafunk_mikee_crab_dinner, layout_big_grid, swamp_mist
Lair:5:   layout_loops_ring, basic_altar, gammafunk_ghost_hydra_chop,
          grunt_forest_stairs_basic, chequers_serial_rivers_large_a,
          minmay_lair_oklob_chamber
Lair:6:   wormcave, layout_cave_pods, slime_altar_2,
          chequers_serial_rivers_micro_a
Swamp:1:  layout_basic_swamp, evilmike_swamp_ruin_rubble_1
Swamp:2:  layout_basic_swamp, evilmike_swamp_ruin_rubble_2
Swamp:3:  layout_falls_marsh, hangedman_swamp_ruin_wall, uniq_louise
Swamp:4:  swamp_alternative, layout_basic_swamp
Spider:1: layout_spider_delve, drop_trap
Spider:2: layout_spider_delve, hive_lemuel
Spider:3: layout_spider_delve, spiders_nest_spider_trap
Spider:4: grunt_spider_rune_island
Orc:1:    layout_caves, basic_altar, nicolae_volcano_entry_two_sided,
          uniq_josephine, uniq_urug
Orc:2:    st_orc_town, layout_caves, serial_shops, shop, shop_fountains,
          nicolae_shop_stone, shop_fountains, shop_coins, guppyfry_library_mini
Elf:1:    layout_geoelf_diagonals, serial_shops,
          nicolae_shop_temple_entry_statues_fountains, hangedman_elf_disciples
Elf:2:    layout_geoelf_octagon, ebering_ghost_reflecting_pool
Elf:3:    elf_hall, layout_geoelf_octagon, minivault_27, uniq_asterion
Vaults:1: vaults_standard_mumra_enter_the_diamond, ontoclasm_vaults_misaligned,
          nicolae_vaults_network_star, v_misc_15,
          vaults_mumra_minichess_inversion, v_rooms_4, dpeg_vaults_monster_box,
          ontoclasm_vaults_twist, v_misc_14, v_misc_33, vaults_dpeg_diagonal,
          layout_vaults_omnibox
Vaults:2: blue_anna_dwarven_crypt, nicolae_vaults_inception_statues,
          grunt_vaults_swirl, vaults_mumra_hex, grunt_vaults_diagonal,
          ontoclasm_vaults_misaligned, st_squares, nicolae_vaults_gold_heap,
          v_misc_26, nicolae_vaults_network_quinsquares
          [nicolae_vaults_network_quincunx_subvault,
          nicolae_vaults_network_quincunx_subvault,
          nicolae_vaults_network_quincunx_subvault,
          nicolae_vaults_network_quincunx_subvault],
          nicolae_vaults_little_squares_2, ontoclasm_vaults_ring_small,
          hangedman_vaults_locks, layout_vaults_maze
Vaults:3: v_misc_24, nicolae_vaults_little_squares_5, grunt_vaults_funnel,
          serial_ice_m, vaults_room_large_hall, ontoclasm_vaults_chip,
          ontoclasm_vaults_loading_screen, vaults_dpeg_encased_lava,
          v_pattern_2, hangedman_vaults_corner_blocks,
          hangedman_vaults_river_flow, nicolae_vaults_rhombus_6,
          layout_vaults_omnicross, uniq_aizul, uniq_mara
Vaults:4: hangedman_vaults_maws, v_misc_3, nicolae_vaults_alarming,
          nicolae_vaults_big_ls, nicolae_vaults_puzzle_piece,
          ontoclasm_vaults_idyll, v_misc_4, nicolae_vaults_asterisk,
          nicolae_vaults_theta, serial_ice_b, ontoclasm_vaults_shuriken,
          nicolae_vaults_asterisk, special_room_vaults [special_room_orc],
          hangedman_vaults_stretched_pinwheel, layout_vaults_ring, serial_glass
Vaults:5
Crypt:1:  layout_basic, gammafunk_ghost_fury_of_okawaru, minivault_26,
          st_stairs_12, nicolae_crypt_ancient_font, minmay_misc_feat_five,
          uniq_margery, uniq_khufu
Crypt:2:  layout_gridlike, serial_glass, glass_columns_a, glass_columns_a,
          eino_tiny_chamber, grunt_megastairs_2
Crypt:3:  david_glass_crypt, layout_gridlike, tomb_entry_forgotten_bobbens,
          lemuel_statue_altar, uniq_xtahua
Tomb:1

Skill      XL: |  1  2  3  4  5  6  7  8  9 10 11 12 13 14 15 16 17 18 19 20 21 22 23 24 25 26 27 |
---------------+----------------------------------------------------------------------------------+-----
Conjurations   | 1 2 3 4 6 |  6.1
Fire Magic     | 4 5 |  5.2
Air Magic      | 1 4 5 |  5.1
Spellcasting   | 7 12 14 15 16 17 | 17.0
Shields        | 4 10 14 15 | 15.0
Necromancy     | 9 10 11 14 16 17 19 | 19.0
Dodging        | 2 5 6 8 |  8.0
Fighting       | 1 5 6 7 10 | 10.0
Armour         | 1 5 6 7 10 | 10.0
Evocations     | 3 4 6 |  6.0
Earth Magic    | 9 10 11 12 18 21 24 25 | 25.2
Charms         | 4 |  4.0
Transmutations | 8 14 16 19 | 19.0
Stealth        | 5 6 |  6.0
Summonings     | |  1.0
Translocations | |  0.8

Action                   |  1- 3 |  4- 6 |  7- 9 | 10-12 | 13-15 | 16-18 | 19-21 | 22-24 | 25-27 || total
-------------------------+-------+-------+-------+-------+-------+-------+-------+-------+-------++-------
Melee: Unarmed           |     4 |       |       |       |       |       |       |       |       ||     4
       Short sword       |    30 |       |       |       |       |       |       |       |       ||    30
       Spear             |       |    18 |       |       |       |       |       |       |       ||    18
       Dagger            |       |    54 |       |       |       |       |       |       |       ||    54
       Hunting sling     |       |       |       |     1 |       |       |       |       |       ||     1
       Scimitar          |       |       |       |       |    37 |       |       |       |       ||    37
       Quarterstaff      |       |       |       |       |    24 |   463 |   335 |     8 |       ||   830
       Staff             |       |       |       |       |    12 |       |     6 |    15 |     7 ||    40
       Broad axe         |       |       |       |       |       |       |       |    80 |    99 ||   179
 Fire: Hunting sling     |       |     3 |   303 |   919 |  1520 |   571 |   593 |   796 |       ||  4705
Throw: Throwing net      |       |       |       |       |     2 |       |       |       |       ||     2
 Cast: Magic Dart        |    86 |    28 |     7 |    11 |       |       |       |       |       ||   132
       Mephitic Cloud    |     2 |     5 |    19 |    78 |   104 |    27 |    14 |    11 |       ||   260
       Conjure Flame     |       |     5 |     8 |    55 |    81 |    46 |    14 |    38 |     2 ||   249
       Vampiric Draining |       |       |       |     4 |     5 |     7 |       |       |       ||    16
       Bolt of Draining  |       |       |       |       |    44 |    20 |    49 |     4 |       ||   117
       Dispel Undead     |       |       |       |       |     7 |     7 |    13 |    92 |    85 ||   204
       Sublimation of Bl |       |       |       |       |    10 |    44 |    51 |    25 |    25 ||   155
       Borgnjor's Vile C |       |       |       |       |    54 |   262 |   266 |   284 |    98 ||   964
       Regeneration      |       |       |       |       |       |    17 |    40 |    40 |    31 ||   128
       Bolt of Magma     |       |       |       |       |       |       |       |     6 |     4 ||    10
       Necromutation     |       |       |       |       |       |       |       |     4 |    30 ||    34
       Shatter           |       |       |       |       |       |       |       |       |    30 ||    30
Invok: Receive Necronomi |       |       |       |       |     1 |       |       |       |       ||     1
       Renounce Religion |       |       |       |       |     1 |       |       |       |       ||     1
       Potion Petition   |       |       |       |       |       |       |       |     2 |     1 ||     3
       Call Merchant     |       |       |       |       |       |       |       |       |     9 ||     9
 Abil: Dig               |     8 |     6 |    16 |    62 |    62 |    15 |     5 |     9 |       ||   183
       End Transformatio |       |       |       |       |       |       |       |     4 |    20 ||    24
Evoke: Wand              |       |       |       |       |     9 |       |     1 |     6 |       ||    16
       Phial of floods   |       |       |       |       |       |     1 |       |     1 |       ||     2
       Box of beasts     |       |       |       |       |       |     1 |       |       |       ||     1
       Lamp of fire      |       |       |       |       |       |       |     2 |     1 |     1 ||     4
       Staff of Wucad Mu |       |       |       |       |       |       |   119 |    69 |   117 ||   305
       Fan of gales      |       |       |       |       |       |       |       |       |     1 ||     1
  Use: Scroll            |       |     4 |    11 |     9 |    13 |     4 |     2 |     7 |     3 ||    53
       Potion            |       |     2 |       |     7 |     4 |     2 |     2 |       |     7 ||    24
 Stab: Confused          |     1 |     2 |       |       |     2 |     1 |     3 |       |       ||     9
       Sleeping          |       |     1 |       |       |       |     5 |     1 |     1 |       ||     8
       Distracted        |       |       |       |       |       |     3 |     4 |     1 |       ||     8
  Eat: Chunk             |     5 |     7 |    11 |    26 |    21 |       |       |       |       ||    70
       Ration            |       |       |       |       |    12 |    16 |    15 |    11 |     8 ||    62
Armor: Robe              |     5 |    12 |     3 |       |       |       |       |       |       ||    20
       Troll leather arm |       |       |       |    37 |    92 |   121 |    75 |    60 |   111 ||   496
       Skin              |       |       |       |    10 |       |       |       |       |       ||    10
Dodge: Dodged            |    31 |    35 |    31 |   108 |   270 |   409 |   315 |   219 |   264 ||  1682
Block: Large shield      |       |       |       |   202 |   619 |  1246 |   944 |   248 |   386 ||  3645
       Reflection        |       |       |       |       |       |    37 |    75 |    32 |       ||   144
       Shield            |       |       |       |       |       |       |       |   192 |       ||   192
       Rpst.: Scimitar   |       |       |       |       |     3 |       |       |       |       ||     3
